 Dungeon Crawl Stone Soup version 0.23-a0-183-gf37f6fb (webtiles) character file.

39 Felrender the Skirmisher (level 3, 0/29 HPs)
             Began as a Demonspawn Fighter on Sept 22, 2018.
             Slain by Sigmund
             ... wielding a +0 scythe
              (7 damage)
             ... on level 2 of the Dungeon.
             The game lasted 00:02:23 (753 turns).

Felrender the Skirmisher (Demonspawn Fighter)        Turns: 753, Time: 00:02:24

Health: 0/29       AC:  6    Str: 22    XL:     3   Next: 28%
Magic:  3/3        EV:  7    Int:  9    God:
Gold:   38         SH:  9    Dex: 12    Spells: 2/2 levels left

rFire    . . .     SeeInvis .   a - +0 long sword
rCold    . . .     Gourm    .   c - +0 shield
rNeg     . . .     Faith    +   b - +0 scale mail
rPois    .         Spirit   .   (no helmet)
rElec    .         Reflect  .   (no cloak)
rCorr    .         Harm     .   (no gloves)
MR       .....                  (no boots)
Stlth    ..........             e - amulet of faith
HPRegen  0.09/turn              (no ring)
MPRegen  0.08/turn              (no ring)

@: mighty, flying (expiring)
A: powered by pain 1, spiny 1
a: no special abilities


You were on level 2 of the Dungeon.
You were not hungry.

You visited 1 branch of the dungeon, and saw 2 of its levels.

You collected 38 gold pieces.

Inventory:

Hand Weapons
 a - a +0 long sword (weapon)
Armour
 b - a +0 scale mail (worn)
 c - a +0 shield (worn)
Jewellery
 e - an amulet of faith (around neck)
Scrolls
 j - a scroll of immolation {unknown}
 k - a scroll of enchant weapon {unknown}
Potions
 d - a potion of might
Comestibles
 f - 3 rations


   Skills:
 + Level 3.3 Fighting
 + Level 2.2 Long Blades
 + Level 2.9 Armour
 + Level 3.2 Shields


You had 2 spell levels left.
You didn't know any spells.
Your spell library was empty.

Dungeon Overview and Level Annotations

Branches:
Dungeon (2/15)

Altars:

Annotations:
D:2 Sigmund


Innate Abilities, Weirdness & Mutations

You sometimes gain a little power by taking damage.
You are partially covered in sharp spines.


Message History

You kill the goblin!
You are starting to lose your buoyancy.
The giant cockroach bites you. Sigmund barely misses you.
You block the giant cockroach's attack.
You slash the giant cockroach!
You kill the giant cockroach!
Sigmund hits you from afar with a scythe.
Sigmund hits you with a scythe!
Items here: ) [ †† a club; a chain mail; a giant cockroach corpse; an orc corpse Sigmund casts a spell.
Sigmund flickers and vanishes!
Deactivating autopickup; reactivate with Ctrl-A.
Items here: ) [ †† a club; a chain mail; a giant cockroach corpse; an orc corpse You closely miss something.
Something hits you.
* * * LOW HITPOINT WARNING * * *
You miss something. Something hits you but does no damage.
You slash something! Something hits you!
You die...

###.!......#
........(.#
#........#
..##........#
.l..........##
#..........#
#!..#.†###.###
..s.#
##oSo{...# ...
#####@#.# .
#.# #.)....%.
##.#..... ..
.... .## ###
.# .# ##


You could see an adder and 2 orcs.

Vanquished Creatures
  An adder (D:2)
  An orc (D:2)
  3 giant cockroaches
  2 goblins
  5 hobgoblins
  7 bats
  3 frilled lizards
  5 kobolds (D:1)
27 creatures vanquished.

Notes
Turn   | Place    | Note
-------+----------+-------------------------------------------
     0 | D:1      | Felrender the Demonspawn Fighter began the quest for the
                  | Orb.
     0 | D:1      | Reached XP level 1. HP: 18/18 MP: 1/1
   287 | D:1      | Gained mutation: You sometimes gain a little power by
                  | taking damage. [demonic ancestry]
   287 | D:1      | Reached XP level 2. HP: 24/24 MP: 2/2
   722 | D:2      | Noticed Sigmund
   733 | D:2      | Gained mutation: You are partially covered in sharp spines.
                  | [demonic ancestry]
   733 | D:2      | Reached XP level 3. HP: 27/29 MP: 3/3
   753 | D:2      | Slain by Sigmund

Vault maps used:
D:1:      dpeg_arrival_pond, corexii_hall_statues_t
D:2:      uniq_sigmund

Skill      XL: |  1  2 |
---------------+-------+-----
Shields        | 3 |  3.2
Long Blades    | 2 |  2.2
Fighting       | |  3.3
Armour         | |  2.9

Action                   || total
-------------------------++-------
Melee: Long sword        ||   112
  Use: Scroll            ||     3
       Potion            ||     3
Armor: Scale mail        ||   100
Dodge: Dodged            ||    46
Block: Shield            ||    84
       Rpst.: Long sword ||    15

Table legend:
 A = Non-vault XP
 B = Vault XP
 C = Vault XP percentage of total XP
 D = Non-vault monster count
 E = Vault monster count
 F = Vault count percentage of total count
                 A         B        C        D         E       F
            +---------+---------+-------+---------+---------+-------
      Total |      57 |       0 |   0.0 |      27 |       0 |   0.0
            +---------+---------+-------+---------+---------+-------
        D:1 |      28 |       0 |   0.0 |      18 |       0 |   0.0
        D:2 |      29 |       0 |   0.0 |       9 |       0 |   0.0
            +---------+---------+-------+---------+---------+-------
